 Dungeon Crawl Stone Soup version 0.20.0-15-g7f486f2 (webtiles) character file.

126 Chiseanne the Magician (level 4, -4/30 HPs)
             Began as a Demonspawn Wizard on June 15, 2017.
             Killed by divine providence
             ... invoked by an orc priest
              (11 damage)
             ... on level 2 of the Dungeon.
             The game lasted 00:06:22 (4266 turns).

Chiseanne the Magician (Demonspawn Wizard)          Turns: 4266, Time: 00:06:23

Health: -4/30      AC:  7    Str:  7    XL:     4   Next: 84%
Magic:  1/10       EV: 17    Int: 20    God:
Gold:   193        SH:  0    Dex: 17    Spells: 2/11 levels left

rFire    . . .     SeeInvis .   a - +1 falchion
rCold    . . .     Gourm    .   (no shield)
rNeg     . . .     Faith    .   v - +0 robe
rPois    .         Spirit   .   b - +1 hat
rElec    .         Reflect  .   (no cloak)
rCorr    .         Harm     .   (no gloves)
MR       .....                  q - +1 pair of boots
Stlth    +++.......             (no amulet)
Regen    0.1/turn               (no ring)
MPRegen  0.2/turn               (no ring)

@: agile
A: thin metallic scales 1, powered by pain 1
a: no special abilities


You were on level 2 of the Dungeon.
You were hungry.

You visited 1 branch of the dungeon, and saw 3 of its levels.

You collected 193 gold pieces.

Inventory:

Hand Weapons
 a - a +1 falchion (weapon)
Missiles
 g - 13 sling bullets
 i - 17 bolts
 k - 66 stones (quivered)
 u - 22 arrows
Armour
 b - a +1 hat (worn)
 q - a +1 pair of boots (worn)
 v - a +0 robe (worn)
Jewellery
 w - a +2 ring of strength {unknown}
Scrolls
 e - a scroll of recharging
 l - a scroll of magic mapping
 m - 2 scrolls of enchant weapon
 s - a scroll of fear
 t - a scroll of fog {unknown}
Potions
 c - a potion of mutation {unknown}
 h - a potion of heal wounds
 j - 2 potions of haste {unknown}
 o - a potion of agility
 p - a potion of curing {unknown}
 r - 2 potions of invisibility {unknown}
Comestibles
 d - 3 bread rations
 f - 2 royal jellies


   Skills:
 - Level 1.7 Dodging
 - Level 1.7 Stealth
 * Level 4.4 Spellcasting
 * Level 3.1 Conjurations
   Level 1.0 Summonings
 - Level 0.8 Translocations


You had 2 spell levels left.
You knew the following spells:

 Your Spells              Type           Power        Failure   Level  Hunger
a - Magic Dart            Conj           ###.         3%          1    None
b - Blink                 Tloc           N/A          13%         2    #......
c - Conjure Flame         Conj/Fire      ##......     19%         3    ###....
d - Mephitic Cloud        Conj/Pois/Air  #.......     24%         3    ###....


Dungeon Overview and Level Annotations

Branches:
Dungeon (3/15)

Altars:


Innate Abilities, Weirdness & Mutations

You are partially covered in thin metallic scales. (AC +2)
You sometimes gain a little power by taking damage.


Message History

The orc priest miscasts a cantrip.
Casting: Magic Dart
Confirm with . or Enter, or press ? or * to list all spells.
Aiming: Magic Dart
Press: ? - help, Shift-Dir - straight line, f - orc priest
Aim: an orc priest, wielding a hand axe and wearing a ring mail The magic dart hits the orc priest.
The orc priest is heavily wounded.
The orc priest closely misses you.
You riposte.
You hit the orc priest.
The orc priest is severely wounded.
Casting: Magic Dart
Confirm with . or Enter, or press ? or * to list all spells.
Aiming: Magic Dart
Press: ? - help, Shift-Dir - straight line, f/p - orc priest
Aim: an orc priest, wielding a hand axe and wearing a ring mail (severely wounded)
The magic dart hits the orc priest.
The orc priest is almost dead.
The orc priest invokes the aid of Beogh against you.
Beogh smites you!
You die...

##### #.#.......##.###########
....# #.#....[..##............
....# #.#...#..############.##
....######.#............# #.#
...........###...######.# #.#
...........###...######.######.#
...........#.........##.#......#
...........#.#.#.###.##.#.######
...........#.#..@.....#.#.#
...........#.###o###..#.#.#
......####............#.#.#
......'....#.###.####.#.#.#
......####.#.###.# #.#.#.#
####### #.#...#.# #.#.#.#
########.###.#.# #.....#
#......#.###.#.# ###.###
###.####.#.....#.# #.#


You could see an orc priest.

Vanquished Creatures
  6 adders
  3 worms
  2 leopard geckos (D:3)
  3 orcs (D:3)
  8 giant cockroaches
  5 goblins
  4 hobgoblins
  4 kobolds
  A quokka (D:3)
  A ball python (D:1)
  10 bats
  9 frilled lizards
  6 rats
62 creatures vanquished.

Notes
Turn   | Place    | Note
-------+----------+-------------------------------------------
     0 | D:1      | Chiseanne the Demonspawn Wizard began the quest for the Orb.
     0 | D:1      | Reached XP level 1. HP: 13/13 MP: 4/4
   722 | D:1      | Gained mutation: You are partially covered in thin metallic scales. (AC +2) [demonic ancestry]
   722 | D:1      | Reached XP level 2. HP: 19/19 MP: 1/6
  1803 | D:2      | Reached XP level 3. HP: 21/24 MP: 2/8
  2137 | D:2      | Learned a level 2 spell: Blink
  2141 | D:2      | Learned a level 3 spell: Conjure Flame
  2145 | D:2      | Learned a level 3 spell: Mephitic Cloud
  2574 | D:3      | HP: 1/24 [worm (9)]
  2975 | D:3      | Reached skill level 4 in Spellcasting
  2975 | D:3      | Gained mutation: You sometimes gain a little power by taking damage. [demonic ancestry]
  2975 | D:3      | Reached XP level 4. HP: 28/30 MP: 0/10
  4266 | D:2      | Killed from afar by an orc priest

Skill      XL: |  1  2  3  4 |
---------------+-------------+-----
Conjurations   | 2 3 |  3.1
Spellcasting   | 4 |  4.4
Dodging        | |  1.7
Stealth        | |  1.7
Summonings     | |  1.0
Translocations | |  0.8

Action                   |  1- 3 |  4- 6 || total
-------------------------+-------+-------++-------
Melee: Dagger            |    38 |       ||    38
       Falchion          |    13 |     4 ||    17
Throw: Stone             |     6 |       ||     6
 Cast: Magic Dart        |   104 |    75 ||   179
       Mephitic Cloud    |     2 |     2 ||     4
       Conjure Flame     |     1 |     1 ||     2
  Use: Scroll            |     9 |       ||     9
       Potion            |       |     1 ||     1
 Stab: Confused          |     1 |       ||     1
  Eat: Chunk             |     5 |     5 ||    10
Armor: Robe              |    20 |     5 ||    25
Dodge: Dodged            |    42 |    14 ||    56
       Rpst.: Falchion   |     1 |     5 ||     6
